 Seeded DCSS version 0.28-a0-863-g8cecda6153 (webtiles) character file.

Game seed: 20211119 (custom seed)

4 a11behringer the Cudgeller (level 1, -1/12 (19) HPs)
             Began as a Palentonga Berserker on Nov 19, 2021.
             Was a Follower of Trog.
             Slain by a ball python (2 damage)
             ... on level 1 of the Dungeon.
             The game lasted 00:00:29 (110 turns).

a11behringer the Cudgeller (Palentonga Berserker)    Turns: 110, Time: 00:00:29

HP:   -1/12 (19)    AC:  4    Str: 20    XL:     1   Next: 58%
MP:   1/1           EV:  9    Int:  7    God:    Trog [*.....]
Gold: 0             SH:  0    Dex:  9    Spells: 0/0 levels left

rFire   . . .      SeeInvis +   a - +0 mace
rCold   . . .      Faith    .   (no shield)
rNeg    . . .      Spirit   .   b - +0 animal skin
rPois   .          Reflect  .   (no helmet)
rElec   .          Harm     .   (no cloak)
rCorr   .          Rampage  .   (no gloves)
Will    .....                   (no barding)
Stlth   +.........              (no amulet)
HPRegen 0.04/turn               (no ring)
MPRegen 0.07/turn               (no ring)

@: very heavily drained
A: large, rugged brown scales 3, see invisible, deformed body, roll 1, armoured
tail
a: Rolling Charge, Renounce Religion, Berserk


You were on level 1 of the Dungeon.
You worshipped Trog.
Trog was aware of your devotion.
You visited 1 branch of the dungeon, and saw 1 of its levels.

Inventory:

Hand Weapons
 a - a +0 mace (weapon)
Armour
 b - a +0 animal skin (worn)


   Skills:
 + Level 3.1 Fighting
 + Level 3.2 Maces & Flails
 + Level 1.5 Armour
 + Level 1.6 Dodging


You couldn't memorise any spells.
You didn't know any spells.
Your spell library was empty.

Dungeon Overview and Level Annotations

Branches:
Dungeon (1/15)

Altars:


Innate Abilities, Weirdness & Mutations

You are completely covered in rugged brown scales. (AC +3, +7% HP)
You have supernaturally acute eyesight. (SInv)
Armour fits poorly on your strangely shaped body.
You can roll at nearby foes to attack.
You have a long armoured tail.


Message History

The kobold is moderately wounded.
The kobold hits you with a +0 dagger of draining.
You feel drained.
The kobold throws a stone.
The stone hits you but does no damage.
You completely miss the kobold.
The kobold is moderately wounded.
The kobold hits you but does no damage.
You feel drained.
You barely miss the kobold.
The kobold is moderately wounded.
The kobold throws a stone.
The stone hits you but does no damage. The kobold barely misses you.
A ball python comes into view.
You closely miss the kobold.
The kobold is moderately wounded.
The ball python hisses angrily.
The kobold hits you but does no damage.
You feel drained.
The kobold hits you with a +0 dagger of draining.
You feel drained.
You closely miss the kobold.
The kobold is moderately wounded.
The kobold hits you with a +0 whip. The kobold hits you but does no damage.
You feel drained. The kobold hits you with a +0 whip.
You hit the kobold.
You kill the kobold!
Trog accepts your kill. The kobold hits you with a +0 whip.
* * * LOW HITPOINT WARNING * * *
You hit the kobold.
The kobold is severely wounded.
The kobold closely misses you.
A quokka comes into view.
You closely miss the kobold.
The kobold is severely wounded.
The kobold closely misses you.
The ball python bites you but does no damage.
You barely miss the kobold. You tail-slap the kobold.
You kill the kobold!
Trog accepts your kill. The ball python barely misses you.
The ball python bites you.
You die...

...... ####.....$
#......r#
#.......#
#.......##
#........#
#.)S...#
##)@....#.
#........#
#.####...#
#######.####...#
#.†..............
#...#....#..#####
#..##....##..#
#..#......# .#
#.##......## #


You could see a quokka and a ball python.

Vanquished Creatures
  A goblin (D:1)
  A hobgoblin (D:1)
  2 ball pythons (D:1)
  2 kobolds (D:1)
6 creatures vanquished.

Notes
Turn   | Place    | Note
-------+----------+-------------------------------------------
     0 | D:1      | a11behringer the Palentonga Berserker began the quest for
                  | the Orb.
     0 | D:1      | Reached XP level 1. HP: 19/19 MP: 1/1
   110 | D:1      | Slain by a ball python

Illustrated notes

Levels and vault maps discovered:
D:1:      tarquinn_simple_flora_water_f, layout_basic,
          dreamdust_ecumenical_altar_angels_and_demons, minmay_misc_feat_iff

Action                   || total
-------------------------++-------
Melee: Mace              ||    20
       Tailslap          ||     2
Armor: Animal skin       ||     8
Dodge: Dodged            ||    13

Table legend: (Time is in decaauts)
 A = Elapsed time spent in this place.
 B = Non-inter-level travel time spent in this place.
 C = Inter-level travel time spent in this place.
 D = Time resting spent in this place.
 E = Time spent auto-exploring this place.
 F = Levels seen in this place.
 G = Mean time per level.
                   A        B        C        D        E       F      G
               +--------+--------+--------+--------+--------+-----+--------+
         Total |    114 |     94 |     20 |      0 |     56 |   1 |  114.0 |
       Dungeon |    114 |     94 |     20 |      0 |     56 |   1 |  114.0 |
               +--------+--------+--------+--------+--------+-----+--------+

Top non-repeatable levels by time:
     D:1: 114 daAuts
